 Dungeon Crawl Stone Soup version 0.27-a0-1065-ge809cff456 (webtiles) character file.

Game seed: 185981234640646329

59 tardwrangler69 the Skirmisher (level 4, -4/37 HPs)
             Began as a Formicid Fighter on Apr 23, 2021.
             Slain by Terence
             ... wielding a +2 vorpal hand axe
              (6 damage)
             ... on level 2 of the Dungeon.
             The game lasted 00:01:09 (2077 turns).

tardwrangler69 the Skirmisher (Formicid Fighter)    Turns: 2077, Time: 00:01:10

Health: -4/37      AC: 11    Str: 21 (22) XL:     4   Next: 22%
Magic:  4/4        EV:  8    Int:  6 (7)  God:
Gold:   96         SH:  9    Dex:  9 (10) Spells: 3/3 levels left

rFire    . . .     SeeInvis +   a - +0 war axe
rCold    . . .     Faith    .   c - +0 kite shield
rNeg     . . .     Spirit   .   k - +4 ring mail
rPois    .         Reflect  .   (helmet unavailable)
rElec    .         Harm     .   (no cloak)
rCorr    .         Rampage  .   j - +1 pair of gloves
Will     .....                  (no boots)
Stlth    ..........             (no amulet)
HPRegen  0.12/turn              (no ring)
MPRegen  0.09/turn              (no ring)

@: no status effects
A: permanent stasis, dig shafts and tunnels, antennae 3, four strong arms
a: Dig, Shaft Self


You were on level 2 of the Dungeon.
You visited 1 branch of the dungeon, and saw 2 of its levels.

You collected 96 gold pieces.

Inventory:

Hand Weapons
 a - a +0 war axe (weapon)
Armour
 c - a +0 kite shield (worn)
 j - a +1 pair of gloves (worn)
 k - a +4 ring mail (worn)
Scrolls
 f - a scroll of magic mapping {unknown}
 g - 2 scrolls of vulnerability {unknown}
 h - a scroll of teleportation {unknown}
 i - a scroll of summoning {unknown}
Potions
 d - a potion of might


   Skills:
 + Level 4.0 Fighting
 * Level 3.6 Axes
 - Level 3.2 Armour
 - Level 3.6 Shields


You had 3 spell levels left.
You didn't know any spells.
Your spell library was empty.

Dungeon Overview and Level Annotations

Branches:
Dungeon (2/15)

Altars:

Annotations:
D:2 Terence


Innate Abilities, Weirdness & Mutations

You cannot be hasted, slowed, berserked, paralysed or teleported.
You can dig through walls and to a lower floor.
You have a pair of large antennae on your head. (SInv)
Your four strong arms can wield two-handed weapons with a shield.


Message History

Terence hits you with a +2 vorpal hand axe.
You hit Terence but do no damage. You block Terence's attack.
You hit Terence but do no damage. Terence hits you but does no damage.
Terence hits you with a +2 vorpal hand axe.
You closely miss Terence. You block Terence's attack.
You barely miss Terence.
Terence hits you with a +2 vorpal hand axe.
Terence barely misses you.
You hit Terence but do no damage.
Terence hits you with a +2 vorpal hand axe.
You slash Terence!
Terence is severely wounded.
Terence hits you with a +2 vorpal hand axe. x2
You are too injured to fight recklessly!
You are too injured to fight recklessly!
You are too injured to fight recklessly!
You are too injured to fight recklessly!
You are too injured to fight recklessly!
You are too injured to fight recklessly!
You are too injured to fight recklessly!
You are too injured to fight recklessly!
You are too injured to fight recklessly!
You are too injured to fight recklessly!
You are too injured to fight recklessly!
You are too injured to fight recklessly!
You are too injured to fight recklessly!
You are too injured to fight recklessly!
You are too injured to fight recklessly!
You are too injured to fight recklessly!
You are too injured to fight recklessly!
You are too injured to fight recklessly!
You hit Terence.
Terence is severely wounded.
Terence hits you with a +2 vorpal hand axe!
* * * LOW HITPOINT WARNING * * *
x2 It was a potion of degeneration.
There was something very wrong with that liquid.
You feel weakened.
You feel dopey.
You feel clumsy.
Terence hits you with a +2 vorpal hand axe.
You die...

##### # #.#.###### # #..
..#......# # #.########.#.####.#
# #.#......#.#.# #.# #
#.#.####.#@#.# #.# #
#.#..#.#.#@#.####.# #
#.#..#.#.#........# #
#.#....#.###.############## #
#.#<####.###.#.............
#######.#........>.#†############
.............#.#####.# #........#
..........##.#÷....#.###.######..
#######....#.#.....#.............
...#..#....#.#.#########.#######.


You could see Terence.

Vanquished Creatures
  2 adders (D:2)
  2 worms (D:2)
  5 ball pythons
  2 endoplasms
  A giant cockroach (D:2)
  3 hobgoblins
  4 jackals (D:2)
  6 kobolds
  3 bats
  3 frilled lizards (D:1)
  2 goblins
  A rat (D:1)
34 creatures vanquished.

Notes
Turn   | Place    | Note
-------+----------+-------------------------------------------
     0 | D:1      | tardwrangler69 the Formicid Fighter began the quest for the
                  | Orb.
     0 | D:1      | Reached XP level 1. HP: 18/18 MP: 1/1
   371 | D:1      | Reached XP level 2. HP: 24/24 MP: 2/2
   870 | D:2      | Reached XP level 3. HP: 30/30 MP: 3/3
  1591 | D:2      | Reached skill level 4 in Fighting
  1591 | D:2      | Reached XP level 4. HP: 23/37 MP: 4/4
  2066 | D:2      | Noticed Terence
  2076 | D:2      | HP: 1/37 [Terence/+2 vorpal hand axe (3)]
  2077 | D:2      | Slain by Terence

Illustrated notes

Levels and vault maps discovered:
D:1:      dpeg_arrival_refuge, layout_loops_cross, lemuel_old_faithful
D:2:      layout_basic, uniq_terence

Skill      XL: |  1  2  3 |
---------------+----------+-----
Axes           | 3 |  3.6
Fighting       | 4 |  4.0
Armour         | |  3.2
Shields        | |  3.6

Action                   |  1- 3 |  4- 6 || total
-------------------------+-------+-------++-------
Melee: War axe           |   105 |    14 ||   119
  Use: Potion            |       |     1 ||     1
Armor: Scale mail        |    35 |     1 ||    36
       Ring mail         |       |     5 ||     5
Dodge: Dodged            |    44 |     3 ||    47
Block: Kite shield       |    63 |     4 ||    67

Table legend: (Time is in decaauts)
 A = Elapsed time spent in this place.
 B = Non-inter-level travel time spent in this place.
 C = Inter-level travel time spent in this place.
 D = Time resting spent in this place.
 E = Time spent auto-exploring this place.
 F = Levels seen in this place.
 G = Mean time per level.
                   A        B        C        D        E       F      G
               +--------+--------+--------+--------+--------+-----+--------+
         Total |   2140 |   2015 |    125 |      0 |   1717 |   2 | 1070.0 |
       Dungeon |   2140 |   2015 |    125 |      0 |   1717 |   2 | 1070.0 |
               +--------+--------+--------+--------+--------+-----+--------+

Top non-repeatable levels by time:
     D:2: 1315 daAuts
     D:1: 824 daAuts
